Canucks vs Rangers

Created - January-04-15 at 12:18

Goals
1 2 3 T
Canucks 2 4 1 7
Rangers 1 0 1 2
Shots
1 2 3 T
Canucks 15 10 13 38
Rangers 11 7 8 26

1st period

1. Canucks , Claude Giroux 18 (Phil Kessel, P.K. Subban) at 2:14 (PP)
2. Canucks , Phil Kessel 13 (Claude Giroux, Erik Karlsson) at 6:34 (PP)
3. Rangers , Mikael Backlund 7 (Sean Couturier, Kris Russell) at 15:10

Penalties :
Mikael Backlund (NYR) for Holding (Minor) at 0:53, Devin Setoguchi (NYR) for Holding (Minor) at 3:10, Lubomir Visnovsky (NYR) for Tripping (Minor) at 5:19, Mikael Backlund (NYR) for Hooking (Minor) at 16:36

2nd period

4. Canucks , Claude Giroux 19 (Ryan Johansen) at 0:14
5. Canucks , Ryan OReilly 17 (Logan Couture, Andrei Markov) at 11:39
6. Canucks , Phil Kessel 14 (Erik Karlsson, Andrei Markov) at 12:44
7. Canucks , Ryan OReilly 18 (Logan Couture, Andrei Markov) at 14:46

Penalties :
No Penalty

3rd period

8. Canucks , Vladimir Sobotka 3 (Erik Karlsson, Phil Kessel) at 7:44
9. Rangers , Derek Morris 5 (Frans Nielsen, Jaromir Jagr) at 13:32 (PP)

Penalties :
P.K. Subban (VAN) for Tripping (Minor) at 12:19, Alex Goligoski (NYR) for Interference (Minor) at 18:22

Goalie Stats

Henrik Lundqvist (VAN), 24 saves from 26 shots - (0.923), W, 21-11-0, 60:00 minutes
Brian Elliott (NYR), 15 saves from 17 shots - (0.882), 27:16 minutes
Cam Talbot (NYR), 16 saves from 21 shots - (0.762), L, 6-8-2, 32:44 minutes

Players Stats for Canucks

Player Name              G  A  P  +/- PIM S  H  SB GA TA FO     MP     PP MP  PK MP  
------------------------------------------------------------------------------------
Adam Henrique            0  0  0   0  0   0  1  1  0  0  0/0    18:24   0:00   0:26 
Alex Pietrangelo         0  0  0   0  0   3  0  3  0  0  0/0    22:08   3:33   0:24 
Andrei Markov            0  3  3   2  0   0  1  1  0  0  0/0    16:26   0:00   0:24 
Brent Burns              0  0  0   0  0   3  1  0  0  0  0/0    18:45   4:38   0:00 
Chris Kreider            0  0  0   0  0   1  1  0  0  0  0/1    14:07   0:00   0:00 
Claude Giroux            2  1  3   0  0   5  1  0  0  0  17/28  21:32   3:34   0:00 
Dmitry Kulikov           0  0  0   1  0   0  0  0  0  0  0/0     3:12   0:00   0:00 
Erik Karlsson            0  3  3   3  0   5  6  0  0  0  0/0    23:52   4:38   0:00 
Jonas Brodin             0  0  0   1  0   0  0  1  0  0  0/0    14:00   0:00   0:49 
Justin Braun             0  0  0   1  0   0  0  1  0  0  0/0    14:00   0:00   0:49 
Logan Couture            0  2  2   3  0   5  2  0  0  0  8/25   19:54   4:37   0:47 
Marcus Kruger            0  0  0   1  0   0  0  0  0  0  5/5     4:48   0:00   0:47 
Nazem Kadri              0  0  0   0  0   2  4  0  0  0  10/17  18:44   4:37   0:00 
P.K. Subban              0  1  1   0  2   1  6  1  0  0  0/0    21:43   3:33   0:00 
Phil Kessel              2  2  4   4  0   6  2  0  0  0  0/3    22:05   3:34   0:00 
Ryan Johansen            0  1  1   0  0   2  0  0  0  0  0/1    21:32   3:34   0:00 
Ryan OReilly             2  0  2   3  0   3  0  1  0  0  0/0    19:33   4:37   0:26 
Vladimir Sobotka         1  0  1   1  0   2  2  0  0  0  0/1     4:01   0:00   0:00 

Players Stats for Rangers

Player Name              G  A  P  +/- PIM S  H  SB GA TA FO     MP     PP MP  PK MP  
------------------------------------------------------------------------------------
Alex Goligoski           0  0  0  -1  2   3  2  3  0  0  0/0    27:00   0:30   3:34 
Benoit Pouliot           0  0  0   0  0   1  1  0  0  0  0/0     4:36   0:00   1:37 
Bryan Allen              0  0  0  -2  0   0  1  1  0  0  0/0     4:09   0:00   0:05 
Chris Tanev              0  0  0  -1  0   1  1  2  0  0  0/0    20:58   0:00   4:21 
Craig Smith              0  0  0  -1  0   1  3  0  0  0  0/0    16:40   0:43   0:00 
David Legwand            0  0  0  -2  0   1  0  0  0  0  6/15   13:41   0:00   0:29 
Derek Morris             1  0  1  -2  0   2  0  1  0  0  0/0    11:32   0:30   0:00 
Devin Setoguchi          0  0  0  -2  2   1  4  0  0  0  0/1    13:11   0:00   0:00 
Frans Nielsen            0  1  1  -1  0   3  0  0  0  0  19/33  22:43   0:30   3:45 
Jaromir Jagr             0  1  1  -1  0   2  0  0  0  0  0/2    24:19   0:30   2:22 
Karl Alzner              0  0  0  -2  0   0  0  3  0  0  0/0    16:43   0:43   4:58 
Kris Russell             0  1  1   1  0   1  1  2  0  0  0/0    23:00   0:43   3:24 
Lubomir Visnovsky        0  0  0  -1  2   1  2  1  0  0  0/0    16:36   0:00   0:00 
Mark Letestu             0  0  0   0  0   0  1  0  0  0  0/1     2:59   0:00   0:00 
Mikael Backlund          1  0  1  -1  4   5  0  0  0  0  2/2    19:43   0:43   3:05 
Sean Couturier           0  1  1  -1  0   4  0  0  0  0  14/27  21:44   0:43   5:04 
Tomas Tatar              0  0  0  -2  0   0  2  0  0  0  0/0    13:12   0:00   0:00 
Tyler Ennis              0  0  0  -1  0   0  4  0  0  0  0/0    18:58   0:30   0:00 

3 Stars

1 - Phil Kessel (VAN)
2 - Erik Karlsson (VAN)
3 - Ryan OReilly (VAN)

Power Play

Canucks - 2 on 5 Attempt(s) - 40.00%
Rangers - 1 on 1 Attempt(s) - 100.00%

Penalty Kill

Canucks - 0 on 1 Attempt(s) - 0.00% - Score 0 goal in Penalty Kill
Rangers - 3 on 5 Attempt(s) - 60.00% - Score 0 goal in Penalty Kill

Team Stat

Canucks - Hits : 27 - Faceoff Wins : 40 - Blocked Shots : 9 - Penalty Minutes : 2
Rangers - Hits : 22 - Faceoff Wins : 41 - Blocked Shots : 13 - Penalty Minutes : 10

Official

Referees : Trent Knorr and Brian Pochmara
Linesman : Michel Cormier and Brian Murphy

Game Notes

Brian Elliott enters game at 12:44 of 2nd period

Finance

Level 1 -- Attendance: 4803 (73.89%) -- Ticket Income $600,375
Level 2 -- Attendance: 5000 (100.00%) -- Ticket Income $375,000
Level 3 -- Attendance: 3500 (100.00%) -- Ticket Income $175,000
Level 4 -- Attendance: 2200 (100.00%) -- Ticket Income $55,000
Luxury Box -- Attendance: 748 (74.80%) -- Ticket Income $187,000
Game was played at the Madison Square Garden'
Total Attendance: 16251 (89.29%)
Total Ticket Income: $1,392,375
Other Income: $208,856
Total Income: $1,601,231

% Time on Ice - Canucks

Lines # - Real PCT - Wanted PCT - Time Play
Normal Forward
1 - 36% - 34% - 17:58
2 - 29% - 31% - 14:30
3 - 28% - 25% - 14:07
4 - 8% - 10% - 4:01
Normal Defense
1 - 36% - 34% - 18:11
2 - 32% - 32% - 16:02
3 - 26% - 25% - 13:11
4 - 6% - 9% - 3:12
PP Forward
1 - 44% - 60% - 3:34
2 - 56% - 40% - 4:37
PP Defense
1 - 57% - 62% - 4:38
2 - 43% - 38% - 3:33
PK Forward
1 - 64% - 60% - 0:47
2 - 36% - 40% - 0:26
PK Defense
1 - 33% - 50% - 0:24
2 - 67% - 50% - 0:49
PK3 Forward
1 - 0% - 60%
2 - 0% - 40%
PK3 Defense
1 - 0% - 60%
2 - 0% - 40%
44 Forward
1 - 0% - 52%
2 - 0% - 48%
44 Defense
1 - 0% - 51%
2 - 0% - 49%
Last Minute Offensive  - 0:00
Last Minute Defensive  - 0:00
Total
Forward - 60:00
Defense - 60:00

% Time on Ice - Rangers

Lines # - Real PCT - Wanted PCT - Time Play
Normal Forward
1 - 36% - 40% - 18:28
2 - 32% - 30% - 15:57
3 - 26% - 20% - 13:12
4 - 6% - 10% - 2:59
Normal Defense
1 - 37% - 40% - 18:53
2 - 33% - 30% - 16:37
3 - 22% - 20% - 11:02
4 - 8% - 10% - 4:04
PP Forward
1 - 41% - 60% - 0:30
2 - 59% - 40% - 0:43
PP Defense
1 - 41% - 60% - 0:30
2 - 59% - 40% - 0:43
PK Forward
1 - 71% - 60% - 5:49
2 - 29% - 40% - 2:22
PK Defense
1 - 39% - 60% - 3:13
2 - 61% - 40% - 4:58
PK3 Forward
1 - 0% - 60%
2 - 0% - 40%
PK3 Defense
1 - 0% - 60%
2 - 0% - 40%
44 Forward
1 - 0% - 60%
2 - 0% - 40%
44 Defense
1 - 0% - 60%
2 - 0% - 40%
Last Minute Offensive  - 0:00
Last Minute Defensive  - 0:00
Total
Forward - 60:00
Defense - 60:00

Play by Play

1st period


0:01 of 1st period - Frans Nielsen wins face-off versus Claude Giroux in neutral zone.
0:53 of 1st period - Minor Penalty to Mikael Backlund for Holding.
0:54 of 1st period - Sean Couturier wins face-off versus Logan Couture in Rangers zone.
1:05 of 1st period - Shot by Erik Karlsson.
1:05 of 1st period - Shot Blocked by Karl Alzner.
1:21 of 1st period - Shot by Brent Burns.
1:21 of 1st period - Stopped by Cam Talbot without a rebound.
1:22 of 1st period - Claude Giroux wins face-off versus Jaromir Jagr in Rangers zone.
1:31 of 1st period - Shot by Alex Pietrangelo.
1:31 of 1st period - Stopped by Cam Talbot without a rebound.
1:32 of 1st period - Sean Couturier wins face-off versus Logan Couture in Rangers zone.
1:32 of 1st period - Sean Couturier is hit by Nazem Kadri.
1:54 of 1st period - Shot by Ryan OReilly.
1:54 of 1st period - Shot Misses the Net.
2:00 of 1st period - Shot by Ryan OReilly.
2:00 of 1st period - Shot Misses the Net.
2:02 of 1st period - Shot by Brent Burns.
2:02 of 1st period - Shot Misses the Net.
2:04 of 1st period - Shot by Erik Karlsson.
2:04 of 1st period - Stopped by Cam Talbot with a rebound.
2:06 of 1st period - Shot by Erik Karlsson.
2:06 of 1st period - Shot Misses the Net.
2:08 of 1st period - Shot by Nazem Kadri.
2:08 of 1st period - Stopped by Cam Talbot without a rebound.
2:09 of 1st period - Claude Giroux wins face-off versus Sean Couturier in Rangers zone.
2:10 of 1st period - Shot by Alex Pietrangelo.
2:10 of 1st period - Shot Misses the Net.
2:12 of 1st period - Shot by P.K. Subban.
2:12 of 1st period - Shot Misses the Net.
2:14 of 1st period - Shot by Phil Kessel.
2:14 of 1st period - Deflect By Claude Giroux.
2:14 of 1st period - Goal by Claude Giroux - Canucks : 1 - Rangers : 0.
2:15 of 1st period - Marcus Kruger wins face-off versus Sean Couturier in neutral zone.
2:24 of 1st period - Chris Tanev is hit by Vladimir Sobotka and loses puck.
3:10 of 1st period - Minor Penalty to Devin Setoguchi for Holding.
3:11 of 1st period - Logan Couture wins face-off versus Sean Couturier in Rangers zone.
3:12 of 1st period - Shot by Alex Pietrangelo.
3:12 of 1st period - Shot Misses the Net.
3:14 of 1st period - Shot by Alex Pietrangelo.
3:14 of 1st period - Stopped by Cam Talbot with a rebound.
3:28 of 1st period - Shot by Logan Couture.
3:28 of 1st period - Stopped by Cam Talbot without a rebound.
3:29 of 1st period - Claude Giroux wins face-off versus Frans Nielsen in Rangers zone.
3:58 of 1st period - Shot by Jaromir Jagr.
3:58 of 1st period - Shot Misses the Net.
4:37 of 1st period - Shot by Logan Couture.
4:37 of 1st period - Shot Misses the Net.
4:39 of 1st period - Shot by Alex Pietrangelo.
4:39 of 1st period - Shot Misses the Net.
5:19 of 1st period - Minor Penalty to Lubomir Visnovsky for Tripping.
5:20 of 1st period - Claude Giroux wins face-off versus Frans Nielsen in Rangers zone.
5:23 of 1st period - Shot by Claude Giroux.
5:23 of 1st period - Stopped by Cam Talbot without a rebound.
5:24 of 1st period - Claude Giroux wins face-off versus Frans Nielsen in Rangers zone.
5:47 of 1st period - Shot by Claude Giroux.
5:47 of 1st period - Shot Misses the Net.
5:49 of 1st period - Shot by Brent Burns.
5:49 of 1st period - Shot Misses the Net.
5:51 of 1st period - Shot by Erik Karlsson.
5:51 of 1st period - Stopped by Cam Talbot without a rebound.
5:52 of 1st period - Logan Couture wins face-off versus Sean Couturier in Rangers zone.
6:04 of 1st period - Icing by Alex Pietrangelo.
6:05 of 1st period - Frans Nielsen wins face-off versus Logan Couture in Canucks zone.
6:20 of 1st period - Shot by Logan Couture.
6:20 of 1st period - Stopped by Cam Talbot without a rebound.
6:21 of 1st period - Claude Giroux wins face-off versus Sean Couturier in Rangers zone.
6:34 of 1st period - Shot by Phil Kessel.
6:34 of 1st period - Goal by Phil Kessel - Canucks : 2 - Rangers : 0.
6:35 of 1st period - Frans Nielsen wins face-off versus Nazem Kadri in neutral zone.
6:35 of 1st period - Alex Goligoski is hit by Chris Kreider and loses puck.
6:45 of 1st period - Tyler Ennis is hit by Erik Karlsson and loses puck.
6:57 of 1st period - Tyler Ennis is hit by Erik Karlsson and loses puck.
7:48 of 1st period - Shot by Craig Smith.
7:48 of 1st period - Stopped by Henrik Lundqvist without a rebound.
7:49 of 1st period - David Legwand wins face-off versus Logan Couture in Canucks zone.
8:26 of 1st period - Shot by Phil Kessel.
8:26 of 1st period - Shot Misses the Net.
9:08 of 1st period - Shot by Sean Couturier.
9:08 of 1st period - Deflect By Mikael Backlund.
9:08 of 1st period - Shot Misses the Net.
9:12 of 1st period - Shot by Sean Couturier.
9:12 of 1st period - Stopped by Henrik Lundqvist with a rebound.
9:50 of 1st period - Shot by Jaromir Jagr.
9:50 of 1st period - Shot Blocked by Ryan OReilly.
9:52 of 1st period - Shot by Tyler Ennis.
9:52 of 1st period - Shot Misses the Net.
9:54 of 1st period - Shot by Jaromir Jagr.
9:54 of 1st period - Shot Misses the Net.
9:56 of 1st period - Shot by Frans Nielsen.
9:56 of 1st period - Shot Blocked by Alex Pietrangelo.
10:12 of 1st period - Shot by Kris Russell.
10:12 of 1st period - Shot Misses the Net.
10:14 of 1st period - Shot by Frans Nielsen.
10:14 of 1st period - Shot Misses the Net.
11:24 of 1st period - Icing by Chris Tanev.
11:25 of 1st period - Nazem Kadri wins face-off versus David Legwand in Rangers zone.
11:57 of 1st period - Shot by Sean Couturier.
11:57 of 1st period - Stopped by Henrik Lundqvist without a rebound.
11:58 of 1st period - Claude Giroux wins face-off versus Frans Nielsen in Canucks zone.
12:08 of 1st period - Icing by Frans Nielsen.
12:09 of 1st period - Nazem Kadri wins face-off versus Frans Nielsen in Rangers zone.
12:10 of 1st period - Shot by Brent Burns.
12:10 of 1st period - Stopped by Cam Talbot without a rebound.
12:11 of 1st period - Frans Nielsen wins face-off versus Nazem Kadri in Rangers zone.
12:16 of 1st period - Shot by Alex Goligoski.
12:16 of 1st period - Stopped by Henrik Lundqvist with a rebound.
12:29 of 1st period - Icing by Kris Russell.
12:30 of 1st period - Frans Nielsen wins face-off versus Claude Giroux in Rangers zone.
12:43 of 1st period - Shot by Claude Giroux.
12:43 of 1st period - Shot Misses the Net.
12:48 of 1st period - Ryan Johansen is hit by Alex Goligoski and loses puck.
13:37 of 1st period - Shot by Sean Couturier.
13:37 of 1st period - Shot Misses the Net.
13:58 of 1st period - Shot by Nazem Kadri.
13:58 of 1st period - Shot Blocked by Derek Morris.
14:04 of 1st period - Shot by Karl Alzner.
14:04 of 1st period - Deflect By Mikael Backlund.
14:04 of 1st period - Stopped by Henrik Lundqvist without a rebound.
14:05 of 1st period - David Legwand wins face-off versus Logan Couture in Canucks zone.
14:30 of 1st period - Logan Couture is hit by Devin Setoguchi and loses puck.
14:43 of 1st period - Icing by Chris Tanev.
14:44 of 1st period - Claude Giroux wins face-off versus David Legwand in Rangers zone.
14:51 of 1st period - Shot by Chris Tanev.
14:51 of 1st period - Shot Misses the Net.
14:53 of 1st period - Shot by Devin Setoguchi.
14:53 of 1st period - Stopped by Henrik Lundqvist without a rebound.
14:54 of 1st period - Mikael Backlund wins face-off versus Claude Giroux in Canucks zone.
14:54 of 1st period - Mikael Backlund is hit by Andrei Markov.
15:08 of 1st period - Shot by Sean Couturier.
15:08 of 1st period - Shot Misses the Net.
15:10 of 1st period - Shot by Mikael Backlund.
15:10 of 1st period - Goal by Mikael Backlund - Canucks : 2 - Rangers : 1.
15:11 of 1st period - Frans Nielsen wins face-off versus Logan Couture in neutral zone.
15:18 of 1st period - Shot by Frans Nielsen.
15:18 of 1st period - Stopped by Henrik Lundqvist without a rebound.
15:19 of 1st period - Frans Nielsen wins face-off versus Claude Giroux in Canucks zone.
15:24 of 1st period - Shot by Frans Nielsen.
15:24 of 1st period - Shot Blocked by Andrei Markov.
15:26 of 1st period - Shot by Alex Goligoski.
15:26 of 1st period - Stopped by Henrik Lundqvist without a rebound.
15:27 of 1st period - Frans Nielsen wins face-off versus Claude Giroux in Canucks zone.
15:27 of 1st period - Alex Goligoski is hit by Erik Karlsson and loses puck.
15:54 of 1st period - Icing by Alex Goligoski.
15:55 of 1st period - Frans Nielsen wins face-off versus Logan Couture in Rangers zone.
16:04 of 1st period - Ryan OReilly is hit by Tyler Ennis and loses puck.
16:08 of 1st period - Icing by Phil Kessel.
16:09 of 1st period - Logan Couture wins face-off versus Sean Couturier in Canucks zone.
16:09 of 1st period - Logan Couture is hit by Craig Smith.
16:36 of 1st period - Minor Penalty to Mikael Backlund for Hooking.
16:37 of 1st period - Claude Giroux wins face-off versus Sean Couturier in Rangers zone.
16:46 of 1st period - Shot by Claude Giroux.
16:46 of 1st period - Shot Blocked by Kris Russell.
16:48 of 1st period - Shot by Phil Kessel.
16:48 of 1st period - Stopped by Cam Talbot without a rebound.
16:49 of 1st period - Sean Couturier wins face-off versus Logan Couture in Rangers zone.
17:03 of 1st period - Karl Alzner is hit by Nazem Kadri and loses puck.
17:16 of 1st period - Erik Karlsson is hit by Benoit Pouliot and loses puck.
18:00 of 1st period - Shot by P.K. Subban.
18:00 of 1st period - Shot Blocked by Kris Russell.
18:10 of 1st period - Claude Giroux is hit by Kris Russell and loses puck.
18:13 of 1st period - Shot by Claude Giroux.
18:13 of 1st period - Stopped by Cam Talbot without a rebound.
18:14 of 1st period - Sean Couturier wins face-off versus Claude Giroux in Rangers zone.
18:14 of 1st period - Sean Couturier is hit by Claude Giroux.
18:23 of 1st period - Off-side.
18:24 of 1st period - Sean Couturier wins face-off versus Logan Couture in neutral zone.
18:42 of 1st period - Shot by Phil Kessel.
18:42 of 1st period - Stopped by Cam Talbot without a rebound.
18:43 of 1st period - David Legwand wins face-off versus Claude Giroux in Rangers zone.
19:48 of 1st period - Shot by Frans Nielsen.
19:48 of 1st period - Stopped by Henrik Lundqvist without a rebound.
19:49 of 1st period - Frans Nielsen wins face-off versus Phil Kessel in Canucks zone.
19:54 of 1st period - Shot by Frans Nielsen.
19:54 of 1st period - Shot Blocked by Alex Pietrangelo.
19:56 of 1st period - Shot by Jaromir Jagr.
19:56 of 1st period - Stopped by Henrik Lundqvist with a rebound.
Goals for this period are 2 for Canucks vs 1 for Rangers.
Shots for this period are 15 for Canucks vs 11 for Rangers.

2nd period


0:01 of 2nd period - Claude Giroux wins face-off versus Frans Nielsen in neutral zone.
0:14 of 2nd period - Shot by Claude Giroux.
0:14 of 2nd period - Goal by Claude Giroux - Canucks : 3 - Rangers : 1.
0:15 of 2nd period - Sean Couturier wins face-off versus Logan Couture in neutral zone.
0:15 of 2nd period - Sean Couturier is hit by Phil Kessel.
0:27 of 2nd period - Alex Pietrangelo is hit by Craig Smith and loses puck.
1:00 of 2nd period - Shot by Mikael Backlund.
1:00 of 2nd period - Stopped by Henrik Lundqvist without a rebound.
1:01 of 2nd period - Frans Nielsen wins face-off versus Nazem Kadri in Canucks zone.
1:27 of 2nd period - Shot by Kris Russell.
1:27 of 2nd period - Stopped by Henrik Lundqvist with a rebound.
1:45 of 2nd period - Shot by Frans Nielsen.
1:45 of 2nd period - Stopped by Henrik Lundqvist without a rebound.
1:46 of 2nd period - Claude Giroux wins face-off versus David Legwand in Canucks zone.
2:53 of 2nd period - Shot by Craig Smith.
2:53 of 2nd period - Shot Misses the Net.
3:05 of 2nd period - Shot by Mikael Backlund.
3:05 of 2nd period - Shot Misses the Net.
3:07 of 2nd period - Shot by Sean Couturier.
3:07 of 2nd period - Shot Misses the Net.
3:09 of 2nd period - Shot by Lubomir Visnovsky.
3:09 of 2nd period - Stopped by Henrik Lundqvist without a rebound.
3:10 of 2nd period - Logan Couture wins face-off versus Frans Nielsen in Canucks zone.
3:15 of 2nd period - Shot by Phil Kessel.
3:15 of 2nd period - Shot Misses the Net.
3:17 of 2nd period - Shot by P.K. Subban.
3:17 of 2nd period - Shot Misses the Net.
3:19 of 2nd period - Shot by Ryan OReilly.
3:19 of 2nd period - Stopped by Cam Talbot without a rebound.
3:20 of 2nd period - Frans Nielsen wins face-off versus Nazem Kadri in Rangers zone.
3:37 of 2nd period - Icing by Alex Goligoski.
3:38 of 2nd period - Logan Couture wins face-off versus Frans Nielsen in Rangers zone.
4:22 of 2nd period - Icing by Frans Nielsen.
4:23 of 2nd period - Frans Nielsen wins face-off versus Chris Kreider in Rangers zone.
4:47 of 2nd period - Craig Smith is hit by Brent Burns and loses puck.
4:54 of 2nd period - Icing by Andrei Markov.
4:55 of 2nd period - Nazem Kadri wins face-off versus Devin Setoguchi in Canucks zone.
5:09 of 2nd period - Karl Alzner is hit by Erik Karlsson and loses puck.
5:19 of 2nd period - Tomas Tatar is hit by Erik Karlsson and loses puck.
6:30 of 2nd period - Lubomir Visnovsky is hit by P.K. Subban and loses puck.
6:38 of 2nd period - Off-side.
6:39 of 2nd period - Frans Nielsen wins face-off versus Logan Couture in neutral zone.
6:59 of 2nd period - Ryan OReilly is hit by Tyler Ennis and loses puck.
7:10 of 2nd period - Shot by Logan Couture.
7:10 of 2nd period - Stopped by Cam Talbot without a rebound.
7:11 of 2nd period - Claude Giroux wins face-off versus David Legwand in Rangers zone.
8:28 of 2nd period - Shot by Phil Kessel.
8:28 of 2nd period - Stopped by Cam Talbot without a rebound.
8:29 of 2nd period - Marcus Kruger wins face-off versus Sean Couturier in Rangers zone.
8:36 of 2nd period - Shot by Vladimir Sobotka.
8:36 of 2nd period - Shot Misses the Net.
10:07 of 2nd period - Icing by Alex Goligoski.
10:08 of 2nd period - Claude Giroux wins face-off versus Frans Nielsen in Rangers zone.
10:08 of 2nd period - Claude Giroux is hit by Alex Goligoski.
10:18 of 2nd period - Shot by Claude Giroux.
10:18 of 2nd period - Shot Misses the Net.
10:47 of 2nd period - Alex Pietrangelo is hit by Devin Setoguchi and loses puck.
11:37 of 2nd period - Shot by Logan Couture.
11:37 of 2nd period - Shot Blocked by Lubomir Visnovsky.
11:39 of 2nd period - Shot by Ryan OReilly.
11:39 of 2nd period - Goal by Ryan OReilly - Canucks : 4 - Rangers : 1.
11:40 of 2nd period - Sean Couturier wins face-off versus Nazem Kadri in neutral zone.
12:34 of 2nd period - Shot by Logan Couture.
12:34 of 2nd period - Shot Misses the Net.
12:36 of 2nd period - Shot by Phil Kessel.
12:36 of 2nd period - Shot Blocked by Bryan Allen.
12:44 of 2nd period - Shot by Phil Kessel.
12:44 of 2nd period - Goal by Phil Kessel - Canucks : 5 - Rangers : 1.
12:44 of 2nd period - Brian Elliott enters game.
12:45 of 2nd period - Claude Giroux wins face-off versus Frans Nielsen in neutral zone.
13:43 of 2nd period - Off-side.
13:44 of 2nd period - David Legwand wins face-off versus Logan Couture in neutral zone.
13:47 of 2nd period - Andrei Markov is hit by Devin Setoguchi and loses puck.
13:58 of 2nd period - Shot by David Legwand.
13:58 of 2nd period - Stopped by Henrik Lundqvist without a rebound.
13:59 of 2nd period - Sean Couturier wins face-off versus Nazem Kadri in Canucks zone.
14:23 of 2nd period - Shot by Mikael Backlund.
14:23 of 2nd period - Stopped by Henrik Lundqvist without a rebound.
14:24 of 2nd period - David Legwand wins face-off versus Phil Kessel in Canucks zone.
14:33 of 2nd period - Karl Alzner is hit by Phil Kessel.
14:39 of 2nd period - Erik Karlsson is hit by Tomas Tatar and loses puck.
14:46 of 2nd period - Shot by Ryan OReilly.
14:46 of 2nd period - Goal by Ryan OReilly - Canucks : 6 - Rangers : 1.
14:47 of 2nd period - Claude Giroux wins face-off versus Mark Letestu in neutral zone.
15:06 of 2nd period - Shot by Jaromir Jagr.
15:06 of 2nd period - Shot Misses the Net.
15:15 of 2nd period - Jaromir Jagr is hit by P.K. Subban and loses puck.
15:50 of 2nd period - Shot by Craig Smith.
15:50 of 2nd period - Shot Misses the Net.
15:52 of 2nd period - Shot by Chris Tanev.
15:52 of 2nd period - Stopped by Henrik Lundqvist with a rebound.
15:58 of 2nd period - Shot by Mikael Backlund.
15:58 of 2nd period - Shot Misses the Net.
16:02 of 2nd period - Shot by Lubomir Visnovsky.
16:02 of 2nd period - Shot Misses the Net.
16:21 of 2nd period - Mikael Backlund is hit by P.K. Subban and loses puck.
17:21 of 2nd period - Off-side.
17:22 of 2nd period - Nazem Kadri wins face-off versus Frans Nielsen in neutral zone.
17:31 of 2nd period - Shot by Nazem Kadri.
17:31 of 2nd period - Shot Misses the Net.
17:35 of 2nd period - Shot by Brent Burns.
17:35 of 2nd period - Shot Misses the Net.
17:37 of 2nd period - Shot by Justin Braun.
17:37 of 2nd period - Shot Blocked by Alex Goligoski.
18:05 of 2nd period - Shot by Chris Kreider.
18:05 of 2nd period - Stopped by Brian Elliott without a rebound.
18:06 of 2nd period - Marcus Kruger wins face-off versus Sean Couturier in Rangers zone.
18:32 of 2nd period - Shot by Vladimir Sobotka.
18:32 of 2nd period - Stopped by Brian Elliott with a rebound.
18:34 of 2nd period - Shot by Dmitry Kulikov.
18:34 of 2nd period - Shot Blocked by Chris Tanev.
18:46 of 2nd period - Shot by Phil Kessel.
18:46 of 2nd period - Stopped by Brian Elliott with a rebound.
19:26 of 2nd period - Shot by Nazem Kadri.
19:26 of 2nd period - Shot Blocked by Alex Goligoski.
19:31 of 2nd period - Brent Burns is hit by Bryan Allen and loses puck.
Goals for this period are 4 for Canucks vs 0 for Rangers.
Shots for this period are 10 for Canucks vs 7 for Rangers.

3rd period


0:01 of 3rd period - Logan Couture wins face-off versus Frans Nielsen in neutral zone.
0:06 of 3rd period - Icing by Alex Goligoski.
0:07 of 3rd period - Frans Nielsen wins face-off versus Logan Couture in Rangers zone.
0:07 of 3rd period - Alex Goligoski is hit by Logan Couture and loses puck.
0:27 of 3rd period - Icing by Erik Karlsson.
0:28 of 3rd period - Logan Couture wins face-off versus Sean Couturier in Canucks zone.
1:01 of 3rd period - Logan Couture is hit by Chris Tanev and loses puck.
1:42 of 3rd period - Shot by Ryan Johansen.
1:42 of 3rd period - Stopped by Brian Elliott without a rebound.
1:43 of 3rd period - Nazem Kadri wins face-off versus David Legwand in Rangers zone.
1:50 of 3rd period - Shot by Nazem Kadri.
1:50 of 3rd period - Stopped by Brian Elliott without a rebound.
1:51 of 3rd period - Nazem Kadri wins face-off versus Frans Nielsen in Rangers zone.
1:52 of 3rd period - Shot by Chris Kreider.
1:52 of 3rd period - Shot Misses the Net.
2:14 of 3rd period - Shot by Jaromir Jagr.
2:14 of 3rd period - Shot Misses the Net.
2:47 of 3rd period - Kris Russell is hit by Logan Couture and loses puck.
3:08 of 3rd period - Logan Couture is hit by Craig Smith and loses puck.
3:54 of 3rd period - Shot by Claude Giroux.
3:54 of 3rd period - Shot Blocked by Karl Alzner.
4:17 of 3rd period - Tomas Tatar is hit by P.K. Subban and loses puck.
4:22 of 3rd period - Shot by David Legwand.
4:22 of 3rd period - Shot Misses the Net.
4:49 of 3rd period - Alex Pietrangelo is hit by Mark Letestu and loses puck.
4:58 of 3rd period - Shot by Jaromir Jagr.
4:58 of 3rd period - Stopped by Henrik Lundqvist with a rebound.
5:00 of 3rd period - Shot by Alex Goligoski.
5:00 of 3rd period - Stopped by Henrik Lundqvist with a rebound.
5:25 of 3rd period - Shot by Mikael Backlund.
5:25 of 3rd period - Shot Misses the Net.
5:53 of 3rd period - Shot by Mikael Backlund.
5:53 of 3rd period - Shot Misses the Net.
5:55 of 3rd period - Shot by Mikael Backlund.
5:55 of 3rd period - Shot Blocked by Alex Pietrangelo.
6:02 of 3rd period - Icing by P.K. Subban.
6:03 of 3rd period - Claude Giroux wins face-off versus David Legwand in Canucks zone.
6:14 of 3rd period - Shot by Devin Setoguchi.
6:14 of 3rd period - Shot Blocked by P.K. Subban.
6:16 of 3rd period - Shot by Derek Morris.
6:16 of 3rd period - Stopped by Henrik Lundqvist without a rebound.
6:17 of 3rd period - Frans Nielsen wins face-off versus Logan Couture in Canucks zone.
6:39 of 3rd period - Shot by Logan Couture.
6:39 of 3rd period - Deflect By Ryan OReilly.
6:39 of 3rd period - Shot Misses the Net.
6:41 of 3rd period - Shot by Erik Karlsson.
6:41 of 3rd period - Shot Misses the Net.
6:43 of 3rd period - Shot by Ryan OReilly.
6:43 of 3rd period - Shot Misses the Net.
6:47 of 3rd period - Shot by Phil Kessel.
6:47 of 3rd period - Shot Misses the Net.
6:49 of 3rd period - Shot by Logan Couture.
6:49 of 3rd period - Deflect By Phil Kessel.
6:49 of 3rd period - Shot Misses the Net.
6:59 of 3rd period - Shot by Logan Couture.
6:59 of 3rd period - Stopped by Brian Elliott without a rebound.
7:00 of 3rd period - Nazem Kadri wins face-off versus Sean Couturier in Rangers zone.
7:00 of 3rd period - Nazem Kadri is hit by Lubomir Visnovsky.
7:15 of 3rd period - Shot by Sean Couturier.
7:15 of 3rd period - Shot Misses the Net.
7:17 of 3rd period - Shot by Sean Couturier.
7:17 of 3rd period - Stopped by Henrik Lundqvist without a rebound.
7:18 of 3rd period - Marcus Kruger wins face-off versus David Legwand in Canucks zone.
7:18 of 3rd period - Erik Karlsson is hit by Tomas Tatar and loses puck.
7:44 of 3rd period - Shot by Vladimir Sobotka.
7:44 of 3rd period - Goal by Vladimir Sobotka - Canucks : 7 - Rangers : 1.
7:45 of 3rd period - Nazem Kadri wins face-off versus Jaromir Jagr in neutral zone.
7:45 of 3rd period - Nazem Kadri is hit by Tyler Ennis.
7:53 of 3rd period - Shot by Chris Kreider.
7:53 of 3rd period - Shot Misses the Net.
8:49 of 3rd period - Alex Goligoski is hit by Erik Karlsson and loses puck.
9:12 of 3rd period - Shot by Andrei Markov.
9:12 of 3rd period - Shot Misses the Net.
9:14 of 3rd period - Shot by Erik Karlsson.
9:14 of 3rd period - Stopped by Brian Elliott without a rebound.
9:15 of 3rd period - Sean Couturier wins face-off versus Vladimir Sobotka in Rangers zone.
9:15 of 3rd period - Sean Couturier is hit by Vladimir Sobotka.
10:01 of 3rd period - Alex Pietrangelo is hit by Lubomir Visnovsky and loses puck.
10:22 of 3rd period - Shot by Ryan Johansen.
10:22 of 3rd period - Shot Blocked by Chris Tanev.
10:59 of 3rd period - David Legwand is hit by Adam Henrique and loses puck.
11:50 of 3rd period - Shot by Benoit Pouliot.
11:50 of 3rd period - Stopped by Henrik Lundqvist without a rebound.
11:51 of 3rd period - Logan Couture wins face-off versus Frans Nielsen in Canucks zone.
12:17 of 3rd period - Jaromir Jagr is hit by P.K. Subban and loses puck.
12:19 of 3rd period - Minor Penalty to P.K. Subban for Tripping.
12:20 of 3rd period - Marcus Kruger wins face-off versus Sean Couturier in Canucks zone.
13:24 of 3rd period - Shot by Jaromir Jagr.
13:24 of 3rd period - Shot Blocked by Jonas Brodin.
13:26 of 3rd period - Shot by Frans Nielsen.
13:26 of 3rd period - Shot Misses the Net.
13:28 of 3rd period - Shot by Frans Nielsen.
13:28 of 3rd period - Shot Blocked by Justin Braun.
13:30 of 3rd period - Shot by Derek Morris.
13:30 of 3rd period - Shot Misses the Net.
13:32 of 3rd period - Shot by Derek Morris.
13:32 of 3rd period - Goal by Derek Morris - Canucks : 7 - Rangers : 2.
13:33 of 3rd period - Nazem Kadri wins face-off versus David Legwand in neutral zone.
14:10 of 3rd period - Icing by Nazem Kadri.
14:11 of 3rd period - Sean Couturier wins face-off versus Nazem Kadri in Canucks zone.
14:19 of 3rd period - Off-side.
14:20 of 3rd period - Sean Couturier wins face-off versus Logan Couture in neutral zone.
14:29 of 3rd period - Shot by Sean Couturier.
14:29 of 3rd period - Stopped by Henrik Lundqvist with a rebound.
14:35 of 3rd period - Shot by Mikael Backlund.
14:35 of 3rd period - Stopped by Henrik Lundqvist without a rebound.
14:36 of 3rd period - Frans Nielsen wins face-off versus Claude Giroux in Canucks zone.
15:51 of 3rd period - Shot by Mikael Backlund.
15:51 of 3rd period - Shot Misses the Net.
15:53 of 3rd period - Shot by Sean Couturier.
15:53 of 3rd period - Shot Misses the Net.
16:34 of 3rd period - Off-side.
16:35 of 3rd period - Nazem Kadri wins face-off versus David Legwand in neutral zone.
16:35 of 3rd period - Nazem Kadri is hit by Devin Setoguchi.
16:43 of 3rd period - Shot by Brent Burns.
16:43 of 3rd period - Stopped by Brian Elliott without a rebound.
16:44 of 3rd period - David Legwand wins face-off versus Ryan Johansen in Rangers zone.
16:48 of 3rd period - Tomas Tatar is hit by P.K. Subban and loses puck.
16:57 of 3rd period - Shot by David Legwand.
16:57 of 3rd period - Shot Blocked by Adam Henrique.
17:02 of 3rd period - Icing by Claude Giroux.
17:03 of 3rd period - Frans Nielsen wins face-off versus Claude Giroux in Canucks zone.
17:15 of 3rd period - Alex Pietrangelo is hit by Tyler Ennis and loses puck.
17:41 of 3rd period - Shot by Claude Giroux.
17:41 of 3rd period - Shot Misses the Net.
17:53 of 3rd period - Shot by Chris Kreider.
17:53 of 3rd period - Shot Blocked by Alex Goligoski.
18:22 of 3rd period - Minor Penalty to Alex Goligoski for Interference.
18:23 of 3rd period - Mikael Backlund wins face-off versus Logan Couture in Rangers zone.
18:23 of 3rd period - Sean Couturier is hit by Nazem Kadri.
18:37 of 3rd period - Shot by Logan Couture.
18:37 of 3rd period - Stopped by Brian Elliott without a rebound.
18:38 of 3rd period - Sean Couturier wins face-off versus Claude Giroux in Rangers zone.
18:54 of 3rd period - Shot by Erik Karlsson.
18:54 of 3rd period - Stopped by Brian Elliott with a rebound.
18:58 of 3rd period - Shot by Ryan Johansen.
18:58 of 3rd period - Stopped by Brian Elliott without a rebound.
18:59 of 3rd period - Sean Couturier wins face-off versus Logan Couture in Rangers zone.
18:59 of 3rd period - Sean Couturier is hit by Nazem Kadri.
19:31 of 3rd period - Shot by Alex Pietrangelo.
19:31 of 3rd period - Stopped by Brian Elliott with a rebound.
19:33 of 3rd period - Shot by Logan Couture.
19:33 of 3rd period - Shot Blocked by Karl Alzner.
19:35 of 3rd period - Shot by P.K. Subban.
19:35 of 3rd period - Stopped by Brian Elliott without a rebound.
19:36 of 3rd period - Frans Nielsen wins face-off versus Claude Giroux in Rangers zone.
19:55 of 3rd period - Shot by Claude Giroux.
19:55 of 3rd period - Stopped by Brian Elliott without a rebound.
19:56 of 3rd period - Claude Giroux wins face-off versus Sean Couturier in Rangers zone.
19:57 of 3rd period - Shot by Erik Karlsson.
19:57 of 3rd period - Stopped by Brian Elliott without a rebound.
19:58 of 3rd period - Sean Couturier wins face-off versus Phil Kessel in Rangers zone.
Goals for this period are 1 for Canucks vs 1 for Rangers.
Shots for this period are 13 for Canucks vs 8 for Rangers.


Output by the SimonT Hockey Simulator (STHS) for Stephane Roy -- Original Page W3C XHTML 1.0 Valid
Hockey Simulator - Hockey Simulation - Hockey Manager